 Dungeon Crawl Stone Soup version 0.30.0-10-gfe55d96785 (webtiles) character file.

Game seed: 17585660535365590540

3828 qw the Cleaver (level 10, -1/63 HPs)
             Began as a Gargoyle Cinder Acolyte on May 17, 2023.
             Was a Believer of Ignis.
             Slain by a two-headed ogre
             ... wielding a +0 giant spiked club
              (20 damage)
             ... on level 9 of the Dungeon.
             The game lasted 00:03:45 (7358 turns).

qw the Cleaver (Gargoyle Cinder Acolyte)            Turns: 7358, Time: 00:03:46

Health: -1/63      AC: 35    Str: 22    XL:     10   Next: 17%
Magic:  11/11      EV:  7    Int: 15    God:    Ignis [**....]
Gold:   397        SH:  0    Dex:  5    Spells: 11/11 levels left

rFire   + . .        l - +4 war axe
rCold   . . .        (no shield)
rNeg    + . .        b - +0 plate armour
rPois   inf          i - +0 helmet
rElec   +            (no cloak)
rCorr   +            f - +1 pair of gloves
SInv    .            d - +2 pair of boots
Will    +....        a - amulet of the acrobat Stlth
                     h - ring of resist corrosion
HPRegen 0.30/turn    k - ring of willpower
MPRegen 0.12/turn

%: acrobat
@: fiery-armoured
A: sickness immunity, AC +7, negative energy resistance 1, electricity
resistance, torment resistance 1, petrification resistance, deterioration 1
a: Renounce Religion, Fiery Armour, Foxfire Swarm, Rising Flame


You were on level 9 of the Dungeon.
You worshipped Ignis.
Ignis was pleased with you.
You visited 1 branch of the dungeon, and saw 9 of its levels.

You collected 455 gold pieces.
You spent 58 gold pieces at shops.


Innate Abilities, Weirdness & Mutations

You are immune to sickness and miasma.
Your stone body is resilient. (AC +7)
You are immune to poison.
You resist negative energy. (rN+)
You are resistant to electric shocks. (rElec)
You are resistant to unholy torment.
You are immune to petrification.
Your body sometimes deteriorates upon taking damage.


   Skills:
 + Level 7.2 Fighting
 - Level 10.0 Axes
 - Level 1.7 Throwing
 - Level 8.3 Armour
 - Level 1.0 Spellcasting
 - Level 3.0 Fire Magic


You had 11 spell levels left.
You didn't know any spells.
Your spell library contained the following spells:

 Spells                   Type           Power      Damage    Failure   Level
 Scorch                   Fire           18%        2d6       86%         2

Inventory:

Hand Weapons
 l - a +4 war axe (weapon)
 Y - a +1 hand axe of flaming
Missiles
 c - 3 boomerangs (quivered)
Armour
 b - a +0 plate armour (worn)
 d - a +2 pair of boots (worn)
 f - a +1 pair of gloves (worn)
 i - a +0 helmet (worn)
Jewellery
 a - an amulet of the acrobat (around neck)
 h - a ring of resist corrosion (left hand)
 k - a ring of willpower (right hand)
Wands
 g - a wand of digging (4)
Scrolls
 p - a scroll of identify
Potions
 e - 4 potions of curing
 j - 2 potions of mutation
 m - a potion of resistance
 o - a potion of might
 q - a potion of haste
 r - a potion of cancellation

Dungeon Overview and Level Annotations

Branches:
Dungeon (9/15)             Temple (0/1) D:4
   Lair: D:8-11         Orc: D:9-12

Altars:
Elyvilon
Hepliaklqana
Nemelex Xobeh
Qazlal
Sif Muna
Trog
Vehumet
Wu Jian
Yredelemnul

Shops:
D:2 [   D:8 *

Annotations:
D:4 2 transporters
D:5 1 runed translucent door, Crazy Yiuf


Message History

7351 ||| DRINKING potion of heal wounds.
You feel much better.
You hit the two-headed ogre but do no damage.
The two-headed ogre is severely wounded.
The two-headed ogre hits you with a +0 giant spiked club.
The two-headed ogre hits you but does no damage.
The two-headed ogre is burned by your cloak of flames.
The two-headed ogre is severely wounded.
You slash the two-headed ogre!
The two-headed ogre is almost dead.
The two-headed ogre barely misses you.
The two-headed ogre hits you with a +0 giant spiked club!
The two-headed ogre is burned by your cloak of flames.
You kill the two-headed ogre!
You feel your intelligence returning.
Your Armour skill gained 2 levels and is now at level 8!
You have reached level 10!
You slash the two-headed ogre!
The two-headed ogre is lightly wounded.
The two-headed ogre hits you but does no damage.
The two-headed ogre is burned by your cloak of flames.
The two-headed ogre is moderately wounded.
The two-headed ogre hits you with a +0 giant spiked club.
The two-headed ogre is burned by your cloak of flames.
The two-headed ogre is moderately wounded.
You hit the two-headed ogre.
The two-headed ogre is heavily wounded.
You slash the two-headed ogre!
The two-headed ogre is severely wounded.
The two-headed ogre barely misses you.
The two-headed ogre hits you with a +0 giant spiked club.
The two-headed ogre is burned by your cloak of flames.
The two-headed ogre is severely wounded.
You hit the two-headed ogre.
The two-headed ogre is severely wounded.
The two-headed ogre hits you with a +0 giant spiked club!
The two-headed ogre is burned by your cloak of flames.
The two-headed ogre is almost dead.
The two-headed ogre hits you with a +0 giant spiked club!!
You die...

#..........# ..
#....#...##.###.#
#.........#.##..#
#.........#..#.#
#.#.?..........###
#.#........##....#
#.#.###..#..##.#
#.#.#......## .. #
#...##.@## ## ...#
##O.# }.. ...# .#
..#.. #.# #.# #.
.. .. ... #. #..#


You could see a two-headed ogre.

Vanquished Creatures
  A two-headed ogre (D:9)
  A hornet (D:5)
  Prince Ribbit (D:7)
  Sigmund (D:6)
  A wyvern (D:7)
  A steam dragon (D:7)
  An acid dragon (D:8)
  Menkaure (D:5)
  2 water moccasins
  3 sky beasts
  A black bear (D:6)
  2 orc warriors (D:8)
  2 ice beasts
  A centaur (D:6)
  2 kobold brigands
  2 phantoms (D:5)
  2 bullfrogs
  Blork the orc (D:6)
  A scorpion (D:5)
  6 hounds
  2 orc priests
  A jelly (D:6)
  An iguana (D:4)
  4 orc wizards
  8 gnolls
  4 adders
  A white imp (D:3)
  A worm (D:2)
  4 dart slugs
  36 orcs
  4 ball pythons
  8 endoplasms (D:1)
  2 giant cockroaches
  13 goblins
  3 hobgoblins (D:1)
  3 quokkas
  2 bats (D:1)
  4 frilled lizards
  15 kobolds
  3 rats
152 creatures vanquished.

Notes
Turn   | Place    | Note
-------+----------+-------------------------------------------
     0 | D:1      | qw the Gargoyle Cinder Acolyte began the quest for the Orb.
     0 | D:1      | Reached XP level 1. HP: 14/14 MP: 2/2
     0 | D:1      | 0 ||| qw: Version: 0.2-a-95-g4c1bab1
     0 | D:1      | 0 ||| qw: Game counter: 101
     0 | D:1      | 0 ||| qw: Always use a shield: true
     0 | D:1      | 0 ||| qw: God list: Okawaru
     0 | D:1      | 0 ||| qw: Allow faded altars: false
     0 | D:1      | 0 ||| qw: Do Orc after D:15 true
     0 | D:1      | 0 ||| qw: Do second Lair branch before Depths: true
     0 | D:1      | 0 ||| qw: Lair rune preference: random
     0 | D:1      | 0 ||| qw: Plans: Normal
     0 | D:1      | 0 ||| PLANNING D:1-11
    57 | D:1      | Reached skill level 3 in Axes
    63 | D:1      | Reached XP level 2. HP: 17/19 MP: 3/3
    71 | D:1      | 71 ||| Stepping ~*~*~tactically~*~*~ (hiding).
    72 | D:1      | 72 ||| Stepping ~*~*~tactically~*~*~ (hiding).
    74 | D:1      | 74 ||| Stepping ~*~*~tactically~*~*~ (hiding).
   130 | D:1      | 130 ||| Stepping ~*~*~tactically~*~*~ (stealth).
   270 | D:1      | 270 ||| Stepping ~*~*~tactically~*~*~ (stealth).
   284 | D:1      | 284 ||| INVOKING Fiery Armour.
   387 | D:1      | Reached XP level 3. HP: 17/23 MP: 4/4
   486 | D:1      | 486 ||| Stepping ~*~*~tactically~*~*~ (hiding).
   687 | D:1      | 687 ||| UPGRADING to +0 leather armour.
   697 | D:1      | 697 ||| DROPPING +0 robe.
   698 | D:1      | 698 ||| READING scroll labelled UKHEVUCKUNONK.
   699 | D:1      | 699 ||| READING scroll labelled REQ XYZIJO.
   700 | D:1      | 700 ||| READING scroll labelled EWAFFI ULOPHU.
   704 | D:1      | 704 ||| READING scroll labelled YWI XUATOLL.
   705 | D:1      | 705 ||| READING scroll labelled SUYFENE BASEACK.
   706 | D:1      | 706 ||| DRINKING 2 fuming purple potions.
   726 | D:2      | Reached skill level 4 in Axes
   840 | D:2      | Found Sekla's Armour Boutique.
   843 | D:2      | 843 ||| BUYING +0 helmet (58 gold).
   843 | D:2      | Bought a +0 helmet for 58 gold pieces
   843 | D:2      | 843 ||| SHOPLISTING +0 ring mail (52 gold, have 5).
   843 | D:2      | 843 ||| SHOPLISTING +0 scale mail (52 gold, have 5).
   843 | D:2      | 843 ||| SHOPLISTING +1 chain mail of willpower (214 gold,
                  | have 5).
  1430 | D:2      | 1430 ||| UPGRADING to +0 helmet.
  1435 | D:2      | 1435 ||| UPGRADING to +0 ring mail.
  1445 | D:2      | 1445 ||| DROPPING +0 leather armour.
  1446 | D:2      | 1446 ||| UPGRADING to +0 scale mail.
  1456 | D:2      | 1456 ||| DROPPING +0 ring mail.
  1457 | D:2      | 1457 ||| DROPPING scarf of invisibility.
  1458 | D:2      | 1458 ||| READING scroll labelled METAUGIUFF.
  1459 | D:2      | 1459 ||| READING scroll labelled JOAQEA SUAVVODD.
  1460 | D:2      | 1460 ||| READING scroll labelled VASETI GIROER.
  1461 | D:2      | 1461 ||| READING 2 scrolls of identify.
  1461 | D:2      | 1461 ||| IDENTIFYING cyan potion
  1462 | D:2      | 1462 ||| DROPPING potion of degeneration.
  1570 | D:3      | Reached XP level 4. HP: 28/28 MP: 5/5
  1591 | D:3      | 1591 ||| Stepping ~*~*~tactically~*~*~ (hiding).
  1607 | D:3      | Reached skill level 1 in Armour
  1708 | D:3      | Found a radiant altar of Vehumet.
  1712 | D:3      | 1712 ||| Stepping ~*~*~tactically~*~*~ (stealth).
  1715 | D:3      | 1715 ||| Stepping ~*~*~tactically~*~*~ (stealth).
  1716 | D:3      | 1716 ||| Stepping ~*~*~tactically~*~*~ (stealth).
  1717 | D:3      | 1717 ||| Stepping ~*~*~tactically~*~*~ (stealth).
  1768 | D:3      | Found a sparkling altar of Nemelex Xobeh.
  1868 | D:3      | Found a bloodstained altar of Trog.
  1872 | D:3      | 1872 ||| Stepping ~*~*~tactically~*~*~ (stealth).
  1879 | D:3      | Found a shimmering blue altar of Sif Muna.
  1883 | D:3      | Reached XP level 5. HP: 30/32 MP: 6/6
  2056 | D:3      | Reached skill level 5 in Axes
  2340 | D:3      | HP: 8/32 [orc priest/divine providence (16)]
  2341 | D:3      | 2341 ||| READING scroll of teleportation.
  2342 | D:3      | 2342 ||| INVOKING Fiery Armour.
  2342 | D:3      | HP: 2/32 [orc priest/+0 morningstar (3)]
  2491 | D:3      | 2491 ||| READING 2 scrolls labelled IJURPH VYCU.
  2492 | D:3      | 2492 ||| DRINKING 2 fizzy yellow potions.
  2493 | D:3      | 2493 ||| DROPPING scroll of fog.
  2494 | D:3      | 2494 ||| DROPPING potion of magic.
  2653 | D:4      | 2653 ||| Stepping ~*~*~tactically~*~*~ (hiding).
  2658 | D:4      | 2658 ||| INVOKING Fiery Armour.
  2665 | D:4      | Reached XP level 6. HP: 36/38 MP: 7/7
  2740 | D:4      | Found a staircase to the Ecumenical Temple.
  2946 | D:4      | Found a hazy altar of Hepliaklqana.
  2947 | D:4      | Found a transporter.
  2947 | D:4      | Noticed an orc warrior
  2948 | D:4      | Found a stormy altar of Qazlal.
  2964 | D:4      | Found a transporter.
  3047 | D:4      | 3047 ||| Stepping ~*~*~tactically~*~*~ (stealth).
  3048 | D:4      | 3048 ||| Stepping ~*~*~tactically~*~*~ (stealth).
  3098 | D:4      | 3098 ||| Stepping ~*~*~tactically~*~*~ (hiding).
  3105 | D:4      | 3105 ||| INVOKING Fiery Armour.
  3107 | D:4      | HP: 5/38 [gnoll/+0 halberd (10)]
  3112 | D:4      | Reached skill level 6 in Axes
  3112 | D:4      | 3112 ||| Stepping ~*~*~tactically~*~*~ (hiding).
  3334 | D:4      | 3334 ||| UPGRADING to +0 chain mail.
  3344 | D:4      | 3344 ||| UPGRADING to +0 pair of gloves.
  3349 | D:4      | 3349 ||| DROPPING +0 scale mail.
  3350 | D:4      | 3350 ||| UPGRADING to amulet of the acrobat.
  3355 | D:4      | 3355 ||| READING scroll labelled LODE BUKKODE.
  3356 | D:4      | 3356 ||| READING scroll labelled EXKONE ZOSOT.
  3357 | D:4      | 3357 ||| READING scroll labelled ITZADO KEQIXICS.
  3358 | D:4      | 3358 ||| DRINKING 3 viscous golden potions.
  3358 | D:4      | Gained mutation: Armour fits poorly on your strangely
                  | shaped body. [potion of mutation]
  3358 | D:4      | Gained mutation: You are strong-willed. (Will+) [potion of
                  | mutation]
  3359 | D:4      | 3359 ||| DRINKING 2 potions of mutation.
  3359 | D:4      | Lost mutation: You are strong-willed. (Will+) [potion of
                  | mutation]
  3359 | D:4      | Lost mutation: Armour fits poorly on your strangely shaped
                  | body. [potion of mutation]
  3359 | D:4      | Gained mutation: Your body sometimes deteriorates upon
                  | taking damage. [potion of mutation]
  3367 | D:5      | Entered Level 5 of the Dungeon
  3472 | D:5      | 3472 ||| Stepping ~*~*~tactically~*~*~ (hiding).
  3499 | D:5      | Found an ornate altar of the Wu Jian Council.
  3532 | D:5      | Reached skill level 3 in Armour
  3532 | D:5      | Reached XP level 7. HP: 43/43 MP: 8/8
  3734 | D:5      | Noticed Menkaure
  3736 | D:5      | 3736 ||| Stepping ~*~*~tactically~*~*~ (hiding).
  3745 | D:5      | Killed Menkaure
  3746 | D:5      | Reached skill level 7 in Axes
  3817 | D:5      | Noticed a hornet
  3833 | D:5      | Killed a hornet
  3834 | D:5      | Reached XP level 8. HP: 37/51 MP: 9/9
  4079 | D:5      | Found a runed translucent door.
  4080 | D:5      | Noticed Crazy Yiuf
  4117 | D:5      | 4117 ||| UPGRADING to +1 chain mail of cold resistance.
  4127 | D:5      | 4127 ||| DROPPING +0 chain mail.
  4128 | D:5      | 4128 ||| READING scroll labelled OFOSOO CERI.
  4129 | D:5      | 4129 ||| DRINKING 2 silvery potions.
  4181 | D:5      | 4181 ||| DROPPING potion of lignification.
  4244 | D:6      | Reached skill level 1 in Throwing
  4257 | D:6      | Noticed Sigmund
  4263 | D:6      | Killed Sigmund
  4288 | D:6      | Found a white marble altar of Elyvilon.
  4296 | D:6      | 4296 ||| Stepping ~*~*~tactically~*~*~ (stealth).
  4350 | D:6      | Reached skill level 8 in Axes
  4365 | D:6      | 4365 ||| READING scroll of enchant armour.
  4365 | D:6      | 4365 ||| ENCHANTING +0 pair of gloves.
  4380 | D:6      | 4380 ||| Stepping ~*~*~tactically~*~*~ (hiding).
  4435 | D:6      | 4435 ||| READING scroll of enchant weapon.
  4435 | D:6      | 4435 ||| ENCHANTING +0 hand axe of flaming.
  4445 | D:6      | 4445 ||| Stepping ~*~*~tactically~*~*~ (hiding).
  4449 | D:6      | Noticed Blork the orc
  4458 | D:6      | Reached skill level 6 in Fighting
  4460 | D:6      | 4460 ||| INVOKING Fiery Armour.
  4466 | D:6      | Killed Blork the orc
  4846 | D:6      | 4846 ||| READING scroll labelled FIEGRE ACVO.
  4847 | D:6      | 4847 ||| DRINKING 2 puce potions.
  4848 | D:6      | 4848 ||| READING 3 scrolls of identify.
  4848 | D:6      | 4848 ||| IDENTIFYING fizzy pink potion
  4849 | D:6      | 4849 ||| READING 2 scrolls of identify.
  4849 | D:6      | 4849 ||| IDENTIFYING bubbling black potion
  4850 | D:6      | 4850 ||| DROPPING potion of flight.
  4851 | D:6      | 4851 ||| DROPPING potion of brilliance.
  4852 | D:6      | 4852 ||| DROPPING potion of invisibility.
  4929 | D:7      | 4929 ||| Stepping ~*~*~tactically~*~*~ (hiding).
  4932 | D:7      | 4932 ||| Stepping ~*~*~tactically~*~*~ (hiding).
  4954 | D:7      | Reached XP level 9. HP: 32/55 MP: 10/10
  5058 | D:7      | Reached skill level 9 in Axes
  5119 | D:7      | 5119 ||| Stepping ~*~*~tactically~*~*~ (hiding).
  5130 | D:7      | 5130 ||| Stepping ~*~*~tactically~*~*~ (hiding).
  5257 | D:7      | Identified the +1 leather armour of Fedhas's Indignation
                  | {*Corrode rF+ Str+5 Slay-2}
  5410 | D:7      | 5410 ||| UPGRADING to +0 plate armour.
  5420 | D:7      | 5420 ||| UPGRADING to +0 plate armour.
  5430 | D:7      | 5430 ||| DROPPING +1 chain mail of cold resistance.
  5504 | D:7      | Found a basalt altar of Yredelemnul.
  5550 | D:7      | 5550 ||| Stepping ~*~*~tactically~*~*~ (hiding).
  5553 | D:7      | 5553 ||| Stepping ~*~*~tactically~*~*~ (hiding).
  5675 | D:7      | Noticed Prince Ribbit
  5684 | D:7      | 5684 ||| INVOKING Fiery Armour.
  5686 | D:7      | Killed Prince Ribbit
  5922 | D:7      | 5922 ||| INVOKING Fiery Armour.
  5924 | D:7      | HP: 14/57 [wyvern (2)]
  5925 | D:7      | 5925 ||| READING scroll of teleportation.
  5927 | D:7      | Reached skill level 6 in Armour
  6323 | D:7      | 6323 ||| READING 6 scrolls of identify.
  6323 | D:7      | 6323 ||| IDENTIFYING coppery potion
  6324 | D:7      | 6324 ||| READING 5 scrolls of identify.
  6324 | D:7      | 6324 ||| IDENTIFYING fizzy dark potion
  6325 | D:7      | 6325 ||| READING 4 scrolls of identify.
  6325 | D:7      | 6325 ||| IDENTIFYING orange potion
  6326 | D:7      | 6326 ||| READING 3 scrolls of identify.
  6326 | D:7      | 6326 ||| IDENTIFYING grey potion
  6327 | D:7      | 6327 ||| DROPPING potion of ambrosia.
  6448 | D:8      | Identified the +10 mace "Zoryd" {speed, Dex+3}
  6449 | D:8      | 6449 ||| Stepping ~*~*~tactically~*~*~ (hiding).
  6468 | D:8      | 6468 ||| Stepping ~*~*~tactically~*~*~ (hiding).
  6471 | D:8      | 6471 ||| Stepping ~*~*~tactically~*~*~ (hiding).
  6472 | D:8      | 6472 ||| Stepping ~*~*~tactically~*~*~ (hiding).
  6707 | D:8      | Found Yburr's Demolitions Depot.
  6804 | D:8      | 6804 ||| Stepping ~*~*~tactically~*~*~ (hiding).
  6881 | D:8      | 6881 ||| SWAPPING to +4 war axe.
  6950 | D:8      | 6950 ||| Stepping ~*~*~tactically~*~*~ (hiding).
  6967 | D:8      | 6967 ||| INVOKING Fiery Armour.
  6969 | D:8      | Reached skill level 10 in Axes
  7274 | D:8      | 7274 ||| UPGRADING to +2 pair of boots.
  7279 | D:8      | 7279 ||| DROPPING +1 pair of gloves.
  7280 | D:8      | 7280 ||| UPGRADING to ring of resist corrosion.
  7281 | D:8      | 7281 ||| UPGRADING to ring of willpower.
  7282 | D:8      | 7282 ||| READING 2 scrolls of identify.
  7282 | D:8      | 7282 ||| IDENTIFYING brown potion
  7344 | D:9      | Noticed a two-headed ogre
  7348 | D:9      | Noticed a two-headed ogre
  7349 | D:9      | 7349 ||| INVOKING Fiery Armour.
  7350 | D:9      | HP: 8/57 [two-headed ogre/+0 giant spiked club (7)]
  7351 | D:9      | 7351 ||| DRINKING potion of heal wounds.
  7353 | D:9      | Killed a two-headed ogre
  7354 | D:9      | Reached XP level 10. HP: 29/63 MP: 11/11
  7358 | D:9      | Slain by a two-headed ogre

Levels and vault maps discovered:
D:1:      matt_arrival_refuge, layout_basic
D:2:      layout_basic, serial_shops, nicolae_shop_behind_doors, hex_medium
D:3:      layout_loops_ring, nzn_overflow_gifts_of_might_and_magic,
          mainiacjoe_overflow_catch_the_wave, kennysheep_orc_chapel
D:4:      wander_river, layout_loops_cross, gammafunk_temple_overflow_arena,
          minmay_temple_entry_wispy, dreamdust_gnoll_farm
D:5:      layout_cave_pools, nzn_wu_jian_contemplation, nrook_uturn,
          uniq_menkaure, uniq_crazy_yiuf_cottage
D:6:      layout_gridville, nicolae_elyvilon_peaceful_grove, uniq_blork_the_orc,
          uniq_sigmund
D:7:      layout_basic, mainiacjoe_overflow_alcove_1, serial_rivers,
          chequers_serial_rivers_small_3, chequers_serial_rivers_large_a,
          chequers_serial_rivers_small_b, chequers_serial_rivers_micro_e,
          uniq_prince_ribbit1
D:8:      layout_loops_ring, nicolae_blasting_shop, serial_bayou_pond_c
D:9:      layout_rooms

Skill      XL: |  1  2  3  4  5  6  7  8  9 |
---------------+----------------------------+-----
Axes           | 3 4 5 6 7 8 10 | 10.0
Armour         | 1 3 4 8 |  8.3
Fighting       | 4 5 6 7 |  7.2
Throwing       | 1 |  1.7
Spellcasting   | |  1.0
Fire Magic     | |  3.0

Action                     |  1- 3 |  4- 6 |  7- 9 | 10-12 || total
---------------------------+-------+-------+-------+-------++-------
  Melee: Hand axe          |   111 |   185 |   324 |       ||   620
         Punch             |     1 |       |       |       ||     1
         War axe           |       |       |    31 |     4 ||    35
  Throw: Boomerang         |       |     3 |    48 |       ||    51
 Invoke: Fiery Armour      |     1 |     3 |     5 |       ||     9
    Use: Scroll            |     9 |     5 |    12 |       ||    26
         Potion            |     1 |     3 |     3 |       ||     7
 Armour: Robe              |    18 |       |       |       ||    18
         Leather armour    |    20 |       |       |       ||    20
         Scale mail        |     1 |    79 |       |       ||    80
         Chain mail        |       |    17 |   135 |       ||   152
         Plate armour      |       |       |    89 |     1 ||    90
  Dodge: Dodged            |    54 |    79 |   112 |     1 ||   246

Table legend:
 A = Non-vault XP
 B = Vault XP
 C = Vault XP percentage of total XP
 D = Non-vault monster count
 E = Vault monster count
 F = Vault count percentage of total count
                 A         B        C        D         E       F
            +---------+---------+-------+---------+---------+-------
      Total |    4528 |     941 |  17.2 |     136 |      16 |  10.5
            +---------+---------+-------+---------+---------+-------
        D:1 |      49 |       0 |   0.0 |      27 |       0 |   0.0
        D:2 |      31 |       0 |   0.0 |       8 |       0 |   0.0
        D:3 |      91 |      80 |  46.8 |      17 |       7 |  29.2
        D:4 |     177 |     129 |  42.2 |      14 |       5 |  26.3
        D:5 |     661 |     154 |  18.9 |      15 |       1 |   6.2
        D:6 |     651 |     304 |  31.8 |      11 |       2 |  15.4
        D:7 |    1140 |     274 |  19.4 |      24 |       1 |   4.0
        D:8 |     896 |       0 |   0.0 |      19 |       0 |   0.0
        D:9 |     832 |       0 |   0.0 |       1 |       0 |   0.0
            +---------+---------+-------+---------+---------+-------
